 Dungeon Crawl Stone Soup version 0.27-a0-328-g7f782ed93a (webtiles) character file.

Game seed: 1998767706891536037

81 CurlyBrace the Caller (level 4, 21/21 HPs)
             Began as a Felid Summoner on Feb 11, 2021.
             Quit the game on level 5 of the Dungeon.
             The game lasted 00:14:29 (930 turns).

CurlyBrace the Caller (Felid Summoner)               Turns: 930, Time: 00:14:30

Health: 21/21      AC:  1    Str:  5    XL:     4   Next: 19%
Magic:  8/8        EV: 18    Int: 17    God:
Gold:   47         SH:  0    Dex: 16    Spells: 4/7 levels left
                                        Lives:  0   Deaths: 1

rFire    . . .     SeeInvis +     - Unarmed
rCold    . . .     Faith    .   (shield unavailable)
rNeg     . . .     Spirit   .   (armour unavailable)
rPois    .         Reflect  .   (helmet unavailable)
rElec    .         Harm     .   (cloak unavailable)
rCorr    .         Rampage  .   (gloves unavailable)
Will     .....                  (boots unavailable)
Stlth    +++.......             (no amulet)
HPRegen  0.07/turn              (no ring)
MPRegen  0.11/turn              (no ring)

@: quick
A: very small, no armour, no weapons or thrown items, stealth, claws 1, fangs 3,
see invisible, speed 1, shaggy fur 1, sharp paws
a: no special abilities


You were on level 5 of the Dungeon.
You visited 1 branch of the dungeon, and saw 5 of its levels.

You collected 47 gold pieces.

Inventory:

Wands
 b - a wand of polymorph (10)
   (You took it off Robin on level 4 of the Dungeon)
 v - a wand of digging (6)
   (You found it on level 4 of the Dungeon)
Scrolls
 a - 2 scrolls of noise


   Skills:
 + Level 3.1 Fighting
 - Level 3.0 Dodging
 - Level 3.0 Stealth
 + Level 3.1 Unarmed Combat
 - Level 2.0 Spellcasting
 - Level 4.0 Summonings
 - Level 1.0 Evocations


You had 4 spell levels left.
You knew the following spells:

 Your Spells              Type           Power        Failure   Level
a - Summon Small Mammal   Summ           60%          3%          1
b - Call Imp              Summ           15%          5%          2

Your spell library contained the following spells:

 Spells                   Type           Power        Failure   Level
 Call Canine Familiar     Summ           15%          11%         3
 Summon Guardian Golem    Hex/Summ       8%           26%         3
 Summon Ice Beast         Ice/Summ       8%           63%         4
 Summon Lightning Spire   Summ/Air       8%           63%         4


Dungeon Overview and Level Annotations

Branches:
Dungeon (5/15)
 Temple: D:4-7

Altars:

Shops:
D:4 !

Annotations:
D:3 exclusion: 2 gnolls


Innate Abilities, Weirdness & Mutations

You cannot wear armour.
You are incapable of wielding weapons or throwing items.
Your paws allow you to move quietly. (Stealth)
You have sharp claws.
You have razor-sharp teeth.
You have supernaturally acute eyesight. (SInv)
You cover ground quickly.
You are covered in fur. (AC +1)
Your sharp claws are effective at attacking unaware monsters.


Message History

You scratch the sky beast but do no damage.
The sky beast barely misses you.
You aren't carrying any potions.
Unknown command.
The sky beast hits you. The sky beast shocks you.
The sky beast flickers out of sight for a moment.
The sky beast completely misses you.
Found a helmet.
The sky beast flickers out of sight for a moment.
Found a wand of polymorph (5).
Found a leather armour.
You see here a wand of polymorph (5).
b - a wand of polymorph (12) (gained 5 charges)
Aiming: Polymorph
Press: ? - help, Shift-Dir - straight line, f - sky beast
Aim: a sky beast (will become a wyvern, a fire bat, or a rime drake, chance to affect: 49%)
The sky beast evaporates and reforms as a fire bat!
A fire bat is nearby!
Unknown command.
Aiming: Polymorph
Press: ? - help, Shift-Dir - straight line, f - you, p - fire bat That beam is likely to hit you.
Continue anyway?
You turn into a bat.
The fire bat bites you.
You are engulfed in flames!
* * * LOW HITPOINT WARNING * * *
The fire bat bites you.
* * * LOW HITPOINT WARNING * * *
You are engulfed in flames!
You die...
Your shape twists and changes as you die.
You are now level 4!
Your transformation has ended.
You rejoin the land of the living...
Found 8 gold pieces.
Unknown command.
Unknown command.
Unknown command.
You see here 8 gold pieces.
You now have 47 gold pieces (gained 8).
Are you sure you want to abandon this character and quit the game? (Confirm with "yes".)

..# #.# #.# ##### #.#
....# #.# #.###<# ####
#<....# ... ##########
#..####.#####.##........#
#..# .......@..######.#
#..# .......#### #..#
.####.. #... #.. ##.# #..
#.# #.. #.. #.#


There were no monsters in sight!

Vanquished Creatures
  Robin (D:4)
  3 gnolls (D:4)
  An adder (D:4)
  A leopard gecko (D:2)
  8 goblins (D:4)
  14 jackals
  A frilled lizard (D:2)
29 creatures vanquished.

Vanquished Creatures (collateral kills)
  An ogre (D:4)
  7 gnolls (D:4)
  3 goblins
  A hobgoblin (D:4)
  4 jackals (D:4)
16 creatures vanquished.

Vanquished Creatures (others)
  A gnoll (D:4)
  3 plants (D:4)
4 creatures vanquished.

Grand Total: 49 creatures vanquished

Notes
Turn   | Place    | Note
-------+----------+-------------------------------------------
     0 | D:1      | CurlyBrace the Felid Summoner began the quest for the Orb.
     0 | D:1      | Reached XP level 1. HP: 7/7 MP: 4/4
   115 | D:5      | Entered Level 5 of the Dungeon
   226 | D:4      | Reached XP level 2. HP: 10/12 MP: 6/6
   270 | D:4      | Reached skill level 1 in Fighting
   318 | D:4      | Reached skill level 1 in Unarmed Combat
   386 | D:4      | Reached XP level 3. HP: 15/15 MP: 7/7
   434 | D:4      | Noticed Robin
   468 | D:4      | Reached skill level 1 in Evocations
   500 | D:4      | Killed Robin
   501 | D:4      | Reached XP level 4. HP: 2/19 MP: 5/8
   565 | D:4      | Noticed an ogre
   630 | D:4      | Learned a level 2 spell: Call Imp
   638 | D:4      | Killed an ogre
   646 | D:4      | Found Kogo's Distillery.
   715 | D:4      | Reached XP level 5. HP: 17/24 MP: 4/9
   863 | D:5      | Noticed a sky beast
   922 | D:5      | Noticed a fire bat
   922 | D:5      | a sky beast changed into a fire bat
   924 | D:5      | Slain by a fire bat
   925 | D:5      | Reached XP level 4. HP: -4/21 MP: 8/8
   930 | D:5      | Quit the game

Illustrated notes

Levels and vault maps discovered:
D:1:      dpeg_arrival_tiny_k, layout_basic, minmay_tetromino_i4
D:2:      layout_rooms, kennysheep_generic_room_12
D:3:      layout_loops_cross
D:4:      lemuel_castle_with_subvaults [lemuel_castle_interior_carwin_2],
          layout_loops_ring, serial_shops, shop, chequers_serial_rivers_micro_c,
          fedhas_altar_fruit_tree, uniq_robin
D:5:      layout_loops_ring, serial_shops, nicolae_shop_behind_doors

Skill      XL: |  1  2  3  4  5 |
---------------+----------------+-----
Fighting       | 1 2 3 |  3.1
Dodging        | 3 |  3.0
Stealth        | 3 |  3.0
Unarmed Combat | 1 2 3 |  3.1
Evocations     | 1 |  1.0
Spellcasting   | |  2.0
Summonings     | |  4.0

Action                   |  1- 3 |  4- 6 || total
-------------------------+-------+-------++-------
Melee: Unarmed           |    64 |     8 ||    72
       Bite              |     8 |     2 ||    10
 Cast: Summon Small Mamm |     9 |    12 ||    21
       Call Imp          |       |    12 ||    12
Evoke: Wand              |    12 |     4 ||    16
  Use: Scroll            |     3 |       ||     3
 Stab: Distracted        |     1 |       ||     1
       Sleeping          |     1 |       ||     1
Armor: Skin              |     7 |       ||     7
Dodge: Dodged            |    60 |     4 ||    64

Table legend: (Time is in decaauts)
 A = Elapsed time spent in this place.
 B = Non-inter-level travel time spent in this place.
 C = Inter-level travel time spent in this place.
 D = Time resting spent in this place.
 E = Time spent auto-exploring this place.
 F = Levels seen in this place.
 G = Mean time per level.
                   A        B        C        D        E       F      G
               +--------+--------+--------+--------+--------+-----+--------+
         Total |    852 |    852 |      0 |      0 |      0 |   5 |  170.4 |
       Dungeon |    852 |    852 |      0 |      0 |      0 |   5 |  170.4 |
               +--------+--------+--------+--------+--------+-----+--------+

Top non-repeatable levels by time:
     D:4: 678 daAuts
     D:5: 80 daAuts
     D:2: 55 daAuts
     D:3: 35 daAuts
     D:1: 4 daAuts
